 Dungeon Crawl Stone Soup version 0.31-a0-1159-g800acc2fd1 (webtiles) character file.

Game seed: 17556738624766389363

1336 ProfCupcake the Slasher (level 8, 0/61 HPs)
             Began as a Human Fighter on Dec 8, 2023.
             Slain by a vampire mosquito (2 damage)
             ... on level 5 of the Dungeon.
             The game lasted 00:57:20 (5849 turns).

ProfCupcake the Slasher (Human Fighter)             Turns: 5849, Time: 00:57:21

Health: 0/61       AC: 13    Str: 18    XL:     8   Next: 92%
Magic:  0/8        EV:  8    Int:  9    God:
Gold:   214        SH:  5    Dex: 13    Spells: 7/7 levels left

rFire   . . .        a - +0 long sword (heavy)
rCold   . . .        c - +0 buckler
rNeg    . . .        D - +0 chain mail
rPois   +            C - +0 helmet
rElec   .            t - +0 cloak
rCorr   .            (no gloves)
SInv    .            B - +0 pair of boots
Will    .....        h - amulet of guardian spirit Stlth
                     E - ring of poison resistance
HPRegen 0.30/turn    (no ring)
MPRegen 0.11/turn

%: guardian spirit
@: no status effects
A: no striking features
a: no special abilities


You were on level 5 of the Dungeon.
You visited 1 branch of the dungeon, and saw 6 of its levels.
You also visited: Sewer.

You collected 214 gold pieces.

Inventory:

Hand Weapons
 a - a +0 heavy long sword (weapon)
 j - a +0 rapier
 p - a +3 quarterstaff of chaos
 u - a +0 giant spiked club
 x - the +6 mace of True Grit {flame, Str+4}
   (You found it on level 2 of the Dungeon)

   Str+4:     It affects your strength (+4).
 F - a +1 heavy dire flail
Missiles
 k - 2 poisoned darts (quivered)
 m - 3 darts of dispersal
 n - 43 stones
 s - a throwing net
Armour
 b - a +1 scale mail
 c - a +0 buckler (worn)
 t - a +0 cloak (worn)
 B - a +0 pair of boots (worn)
 C - a +0 helmet (worn)
 D - a +0 chain mail (worn)
Magical Staves
 g - a staff of cold
Jewellery
 h - an amulet of guardian spirit (around neck)
 E - a ring of poison resistance (left hand)
Talismans
 o - a flux talisman
Scrolls
 e - a scroll of silence
 f - a scroll of teleportation
 l - a scroll of vulnerability
 v - 3 scrolls of summoning
 w - a scroll of fear
 y - a scroll of identify
 A - a scroll of revelation
Potions
 d - 2 potions of haste
 i - 2 potions of enlightenment
 q - 2 potions of brilliance
 r - a potion of heal wounds
 z - a potion of curing


   Skills:
 + Level 4.8 Fighting
 + Level 6.6 Long Blades
 + Level 0.9 Ranged Weapons
 + Level 5.8 Armour
 + Level 3.0 Dodging
 + Level 0.8 Stealth
 + Level 4.3 Shields


You had 7 spell levels left.
You didn't know any spells.
Your spell library contained the following spells:

 Spells                   Type           Power      Damage    Failure   Level
 Apportation              Tloc           0%         N/A       99%         1
 Necrotise                Necr           0%         1d4       99%         1
 Summon Small Mammal      Summ           0%         N/A       99%         1
 Poisonous Vapours        Pois/Air       0%         N/A       99%         2
 Call Canine Familiar     Summ           0%         N/A       100%        3
 Inner Flame              Hex/Fire       0%         N/A       100%        3
 Mephitic Cloud           Conj/Pois/Air  0%         N/A       100%        3
 Summon Guardian Golem    Hex/Summ       0%         N/A       100%        3
 Freezing Cloud           Conj/Ice/Air   0%         6-21      100%        5
 Yara's Violent Unravell  Hex/Tmut       0%         3d3       100%        5
 Enfeeble                 Hex            0%         N/A       100%        7


Dungeon Overview and Level Annotations

Branches:
Dungeon (6/15)             Temple (0/1) D:6           Sewer (visited)

Altars:
Nemelex Xobeh
Qazlal

Annotations:
D:3 Ifr's ghost, amateur BaSu


Message History

The vampire mosquito is lightly damaged.
The vampire mosquito barely misses you.
The vampire mosquito bites you but does no damage. x2
The vampire mosquito bites you.
The vampire mosquito draws strength from your injuries!
The vampire mosquito bites you.
The vampire mosquito draws strength from your injuries!
The vampire mosquito closely misses you.
The vampire mosquito bites you but does no damage. x2
The vampire mosquito bites you!
* * * LOW HITPOINT WARNING * * *
The vampire mosquito draws strength from your injuries!
The vampire mosquito attacks as it pursues you!
The vampire mosquito barely misses you. The vampire mosquito bites you.
* * * LOW HITPOINT WARNING * * *
The vampire mosquito draws strength from your injuries!
You block the vampire mosquito's attack.
The vampire mosquito closely misses you.
The vampire mosquito bites you but does no damage. x2
You block the vampire mosquito's attack.
There is a stone staircase leading up here.
The vampire mosquito bites you but does no damage.
The vampire mosquito closely misses you.
The vampire mosquito bites you but does no damage.
The vampire mosquito closely misses you.
You climb upwards.
There is a stone staircase leading down here.
Okay, then.
You miss the vampire mosquito.
The vampire mosquito is severely damaged.
You block the vampire mosquito's attack.
The vampire mosquito bites you.
* * * LOW HITPOINT WARNING * * *
The vampire mosquito draws strength from your injuries!
You block the vampire mosquito's attack.
The vampire mosquito bites you!
* * * LOW HITPOINT WARNING * * *
The vampire mosquito draws strength from your injuries!
The vampire mosquito bites you.
You die...

##.# #.....# #############..#
#.....# #.............##
#.#.#.#
##<######.#########.....####
...# ##.# #..#.....#..# ####
##..######.##.#.#.##.#
#..........##.....##.# #
##..#########.....##.# #
#####..#....y@y#.#.#.##.# #
#...#..#.#######.....##.#
####.#.#.##.# ###.....##.##
.........##.## #.#.#.#.#...##
####.#...#...####.#.....##...#
####.#.....#......#.....###..#
.....###...#...#..#.#.#.# #..#
####.....#####....#.....# #..#
...........#...#.##.....# #..#


You could see 2 vampire mosquitoes.

Vanquished Creatures
  Edmund (D:6)
  Pargi (Sewer)
  2 ogres
  3 phantoms
  A brain worm (Sewer)
  3 scorpions
  A howler monkey (D:4)
  A hound (D:5)
  2 jellies
  Crazy Yiuf (D:3)
  A sleepcap (D:4)
  Terence (D:3)
  An iguana (D:5)
  Robin (D:2)
  10 adders
  2 river rats (D:4)
  2 white imps (D:5)
  A worm (D:5)
  3 dart slugs
  9 orcs
  9 ball pythons
  6 bats
  6 endoplasms
  5 giant cockroaches
  8 goblins
  10 hobgoblins
  6 jackals
  3 quokkas
  9 frilled lizards
  7 kobolds
  6 rats
122 creatures vanquished.

Vanquished Creatures (collateral kills)
  A frilled lizard (Sewer)
1 creature vanquished.

Grand Total: 123 creatures vanquished

Notes
Turn   | Place    | Note
-------+----------+-------------------------------------------
     0 | D:1      | ProfCupcake the Human Fighter began the quest for the Orb.
     0 | D:1      | Reached XP level 1. HP: 18/18 MP: 1/1
    83 | D:1      | Reached XP level 2. HP: 24/24 MP: 2/2
    99 | D:1      | You fall into a shaft and drop 1 floor!
    99 | D:2      | Found a faded altar of an unknown god.
   560 | D:1      | Reached XP level 3. HP: 29/29 MP: 3/3
   998 | D:2      | Found a sparkling altar of Nemelex Xobeh.
  1090 | D:2      | Identified the +6 mace of True Grit {flame, Str+4}
  1108 | D:2      | Reached skill level 1 in Dodging
  1134 | D:2      | Reached XP level 4. HP: 33/35 MP: 4/4
  1428 | D:2      | Noticed Robin
  1438 | D:2      | Killed Robin
  1439 | D:2      | Reached skill level 3 in Long Blades
  1724 | D:2      | Reached XP level 5. HP: 41/41 MP: 5/5
  1938 | D:3      | Noticed Terence
  1950 | D:3      | Killed Terence
  2019 | D:3      | Found a stormy altar of Qazlal.
  2226 | D:3      | Found a large runed translucent door.
  2239 | D:3      | Found a large runed translucent door.
  2241 | D:3      | Noticed Ifr's ghost (amateur BaSu)
  2462 | D:3      | Found a runed translucent door.
  2463 | D:3      | Noticed Crazy Yiuf
  2469 | D:3      | Killed Crazy Yiuf
  2470 | D:3      | Reached XP level 6. HP: 34/47 MP: 2/6
  2946 | D:4      | Found a glowing drain.
  2982 | Sewer    | Entered a sewer
  3038 | Sewer    | Reached skill level 4 in Long Blades
  3177 | Sewer    | Noticed Pargi
  3188 | Sewer    | Killed Pargi
  3189 | Sewer    | Reached XP level 7. HP: 50/53 MP: 7/7
  3569 | D:4      | Reached skill level 5 in Long Blades
  4223 | D:4      | Reached skill level 5 in Armour
  4223 | D:4      | Reached XP level 8. HP: 27/60 MP: 3/8
  4598 | D:5      | Entered Level 5 of the Dungeon
  5079 | D:5      | Reached skill level 6 in Long Blades
  5568 | D:6      | Noticed Edmund
  5646 | D:6      | Killed Edmund
  5849 | D:5      | HP: 2/61 [vampire mosquito (6)]
  5849 | D:5      | Slain by a vampire mosquito

Illustrated notes

Levels and vault maps discovered:
D:1:      doesnt_arrival_eight_statues, layout_loops_cross
D:2:      layout_loops_ring, basic_altar, hellmonk_ecumenical_altar_lost_god,
          uniq_robin
D:3:      layout_rooms, nicolae_qazlal_scattered_showers,
          ebering_ghost_disaster_area, uniq_terence, uniq_crazy_yiuf_cottage
D:4:      layout_basic, portal_sewer_entry_b
D:5:      layout_loops_ring, grunt_decor_clamped, columned_hall_lemuel
D:6:      layout_loops_cross, minmay_temple_entry_waves, uniq_pikel, uniq_edmund

Skill      XL: |  1  2  3  4  5  6  7  8 |
---------------+-------------------------+-----
Dodging        | 1 2 3 |  3.0
Long Blades    | 3 4 5 6 |  6.6
Armour         | 4 5 |  5.8
Fighting       | 4 |  4.8
Shields        | 4 |  4.3
Ranged Weapons | |  0.9
Stealth        | |  0.8

Action                     |  1- 3 |  4- 6 |  7- 9 || total
---------------------------+-------+-------+-------++-------
  Melee: Long sword        |    98 |   284 |   160 ||   542
   Fire: Sling             |     1 |       |       ||     1
  Throw: Stone             |     2 |     1 |       ||     3
         Dart              |       |     3 |     9 ||    12
         Throwing net      |       |       |     1 ||     1
    Use: Scroll            |     3 |     5 |     2 ||    10
         Potion            |     4 |     4 |     1 ||     9
 Armour: Scale mail        |    96 |   285 |   105 ||   486
         Chain mail        |       |       |    65 ||    65
  Dodge: Dodged            |    56 |   236 |    94 ||   386
  Block: Buckler           |    21 |    97 |    52 ||   170

Table legend: (Time is in decaauts)
 A = Elapsed time spent in this place.
 B = Non-inter-level travel time spent in this place.
 C = Inter-level travel time spent in this place.
 D = Time resting spent in this place.
 E = Time spent auto-exploring this place.
 F = Levels seen in this place.
 G = Mean time per level.
                   A        B        C        D        E       F      G
               +--------+--------+--------+--------+--------+-----+--------+
         Total |   6144 |   5935 |    209 |   1477 |   1528 |   7 |  877.7 |
       Dungeon |   5813 |   5604 |    209 |   1393 |   1472 |   6 |  968.8 |
         Sewer |    331 |    331 |      0 |     84 |     56 |   1 |  331.0 |
               +--------+--------+--------+--------+--------+-----+--------+

Top non-repeatable levels by time:
     D:4: 1536 daAuts
     D:2: 1083 daAuts
     D:5: 980 daAuts
     D:3: 973 daAuts
     D:1: 920 daAuts
   Sewer: 331 daAuts
     D:6: 319 daAuts
